 Dungeon Crawl Stone Soup version 0.28-a0-1389-gc726bef33b (webtiles) character file.

Game seed: 3783488229879865987

60 yourHiro the Ruffian (level 4, 0/40 HPs)
             Began as a Ghoul Monk on Jan 4, 2022.
             Slain by a gnoll (2 damage)
             ... on level 3 of the Dungeon.
             The game lasted 00:07:46 (2492 turns).

yourHiro the Ruffian (Ghoul Monk)                   Turns: 2492, Time: 00:07:46

Health: 0/40       AC:  4    Str: 14    XL:     4   Next: 6%
Magic:  3/3        EV: 13    Int:  5    God:
Gold:   52         SH:  0    Dex: 13    Spells: 3/3 levels left

rFire   . . .      SeeInvis .     - Unarmed
rCold   + . .      Faith    .   (no shield)
rNeg    + + +      Spirit   .   a - +0 robe
rPois   ∞          Reflect  .   (no helmet)
rElec   .          Harm     .   h - +1 cloak
rCorr   .          Rampage  .   (no gloves)
Will    .....                   (no boots)
Stlth   ++........              (no amulet)
HPRegen 0.00/turn               (no ring)
MPRegen 0.08/turn               (no ring)

@: inhibited regen
A: claws 1, cold resistance 1, negative energy resistance 3, inhibited
regeneration, torment resistance 2
a: no special abilities


You were on level 3 of the Dungeon.
You visited 1 branch of the dungeon, and saw 3 of its levels.

You collected 52 gold pieces.

Inventory:

Armour
 a - a +0 robe (worn)
 h - a +1 cloak (worn)
Scrolls
 b - a scroll of magic mapping {unknown}
 d - a scroll of identify
 f - a scroll of fear {unknown}
 g - 3 scrolls of fog {unknown}
Potions
 c - a potion of brilliance
 e - a potion of ambrosia {unknown}


   Skills:
 + Level 3.7 Fighting
 + Level 3.2 Dodging
 + Level 2.7 Stealth
 + Level 4.2 Unarmed Combat


You had 3 spell levels left.
You didn't know any spells.
Your spell library contained the following spells:

 Spells                   Type           Power      Damage    Failure   Level
 Summon Guardian Golem    Hex/Summ       0%         N/A       85%         3
 Orb of Destruction       Conj           0%         N/A       100%        7
 Spellforged Servitor     Conj/Summ      0%         N/A       100%        7


Dungeon Overview and Level Annotations

Branches:
Dungeon (3/15)

Altars:


Innate Abilities, Weirdness & Mutations

You thrive by killing the living.
You are immune to poison.
You have sharp fingernails.
Your flesh is cold resistant. (rC+)
You are immune to negative energy. (rN+++)
You do not regenerate when monsters are visible.
You are immune to unholy pain and torment.


Message History

You claw the kobold!
You kill the kobold!
The gnoll closely misses you.
You scratch the giant cockroach.
You kill the giant cockroach!
The gnoll hits you but does no damage. The gnoll hits you with a +0 spear.
The gnoll barely misses you. x2
Things that are here:
a +0 short sword; a giant cockroach corpse; a rat corpse The gnoll hits you from afar with a +0 spear. x2
The gnoll completely misses you.
The gnoll hits you from afar with a +0 spear.
The gnoll hits you but does no damage.
The gnoll hits you from afar with a +0 halberd.
The gnoll hits you from afar with a +0 spear.
The gnoll barely misses you. x2
The gnoll hits you from afar with a +0 spear.
The gnoll hits you with a +0 spear. The gnoll misses you.
The gnoll closely misses you.
You closely miss the gnoll. The gnoll hits you with a +0 spear.
The gnoll closely misses you.
The gnoll hits you from afar with a +0 halberd.
* * * LOW HITPOINT WARNING * * *
You scratch the gnoll.
The gnoll is moderately wounded.
The gnoll closely misses you.
The gnoll hits you from afar with a +0 spear.
* * * LOW HITPOINT WARNING * * *
The gnoll misses you.
You closely miss the gnoll.
The gnoll is moderately wounded.
The gnoll barely misses you.
The gnoll hits you from afar with a +0 spear.
* * * LOW HITPOINT WARNING * * *
The gnoll barely misses you.
You scratch the gnoll.
The gnoll is heavily wounded.
The gnoll closely misses you.
The gnoll hits you from afar with a +0 spear.
You die...

#.. #.# # #.# .# #.#
#.## #.########.#
#...## #....<.##.#
#.....#
#.#####.##.##.......
#.##.@gg......
#.##.##g......
#.##.# #......
#.####.##.####..###
#.......†.......#
.########.##.#####.#
......>......# .
######......# ##
#......#


You could see 3 gnolls.

Vanquished Creatures
  2 adders (D:2)
  2 dart slugs (D:2)
  5 ball pythons
  3 endoplasms (D:1)
  2 giant cockroaches
  A goblin (D:1)
  2 hobgoblins (D:1)
  6 jackals
  3 kobolds
  3 bats
  4 frilled lizards
  6 rats
39 creatures vanquished.

Notes
Turn   | Place    | Note
-------+----------+-------------------------------------------
     0 | D:1      | yourHiro the Ghoul Monk began the quest for the Orb.
     0 | D:1      | Reached XP level 1. HP: 19/19 MP: 0/0
   373 | D:1      | Reached XP level 2. HP: 25/26 MP: 1/1
   900 | D:1      | Found a faded altar of an unknown god.
  1468 | D:2      | Reached XP level 3. HP: 31/31 MP: 2/2
  1936 | D:2      | Reached skill level 4 in Unarmed Combat
  2436 | D:3      | Reached XP level 4. HP: 40/40 MP: 3/3
  2491 | D:3      | HP: 2/40 [gnoll (3)]
  2492 | D:3      | Slain by a gnoll

Illustrated notes

Levels and vault maps discovered:
D:1:      lightli_arrival_chessboard, layout_basic,
          ebering_ecumenical_altar_rust
D:2:      layout_rooms
D:3:      layout_loops_ring, led_xom_imps, uniq_natasha

Skill      XL: |  1  2  3 |
---------------+----------+-----
Dodging        | 3 |  3.2
Unarmed Combat | 4 |  4.2
Fighting       | |  3.7
Stealth        | |  2.7

Action                   |  1- 3 |  4- 6 || total
-------------------------+-------+-------++-------
Melee: Unarmed           |   109 |     9 ||   118
       Punch             |     1 |       ||     1
  Use: Scroll            |     1 |       ||     1
 Stab: Sleeping          |     5 |       ||     5
Armor: Robe              |    23 |     4 ||    27
Dodge: Dodged            |   104 |    16 ||   120

Table legend: (Time is in decaauts)
 A = Elapsed time spent in this place.
 B = Non-inter-level travel time spent in this place.
 C = Inter-level travel time spent in this place.
 D = Time resting spent in this place.
 E = Time spent auto-exploring this place.
 F = Levels seen in this place.
 G = Mean time per level.
                   A        B        C        D        E       F      G
               +--------+--------+--------+--------+--------+-----+--------+
         Total |   2483 |   2417 |     66 |    581 |   1416 |   3 |  827.7 |
       Dungeon |   2483 |   2417 |     66 |    581 |   1416 |   3 |  827.7 |
               +--------+--------+--------+--------+--------+-----+--------+

Top non-repeatable levels by time:
     D:1: 1449 daAuts
     D:2: 970 daAuts
     D:3: 64 daAuts
